 Dungeon Sprint DCSS version 0.21-a0-401-g0b6bec4 (webtiles) character file.

20 Kidiri the Skirmisher (level 2, -3/25 HPs)
             Began as a Demonspawn Monk on Oct 26, 2017.
             Was a Priest of Wu Jian.
             Impaled on a porcupine's spines (12 damage)
             ... in the Dungeon (Sprint VII: "The Pits").
             The game lasted 00:01:26 (340 turns).

Kidiri the Skirmisher (Demonspawn Monk)              Turns: 340, Time: 00:01:27

Health: -3/25      AC:  2    Str: 11    XL:     2   Next: 58%
Magic:  2/2        EV: 14    Int: 11    God:    Wu Jian [***...]
Gold:   0          SH:  0    Dex: 15    Spells: 1/1 levels left

rFire    . . .     SeeInvis .   a - +2 falchion
rCold    + . .     Gourm    .   (no shield)
rNeg     . . .     Faith    .   b - +0 robe
rPois    .         Spirit   .   (no helmet)
rElec    .         Reflect  .   (no cloak)
rCorr    .         Harm     .   (no gloves)
MR       .....     NoTele   +   (no boots)
Stlth    ++........             (no amulet)
HPRegen  0.08/turn              (no ring)
MPRegen  0.08/turn              (no ring)

@: no status effects
A: cold resistance 1
a: Renounce Religion


You were in the Dungeon.
You worshipped Wu Jian.
Wu Jian was most pleased with you.
You were not hungry.

You visited 1 branch

Inventory:

Hand Weapons
 a - a +2 falchion (weapon)
Armour
 b - a +0 robe (worn)
Scrolls
 i - a scroll of blinking
 j - 3 scrolls of remove curse
 k - 5 scrolls of amnesia
 l - a scroll of summoning
Potions
 d - a potion of curing
 e - 2 potions of invisibility
 f - a potion of haste
 g - 4 potions of magic
 h - 3 potions of berserk rage
Comestibles
 c - 8 bread rations
 m - 40 fruits
 n - 7 meat rations


   Skills:
 * Level 3.9 Fighting
 * Level 3.5 Long Blades
 + Level 1.2 Armour
 * Level 3.5 Dodging
 * Level 3.0 Stealth


You had one spell level left.
You didn't know any spells.

Dungeon Overview and Level Annotations

Branches:
Dungeon (1/1)

Altars:
Ashenzari
Cheibriados
Dithmenos
Elyvilon
Fedhas
Gozag
Hepliaklqana
Kikubaaqudgha
Makhleb
Nemelex Xobeh
Okawaru
Qazlal
Ru
Sif Muna
Trog
Uskayaw
Vehumet
Wu Jian
Xom
Yredelemnul
Zin
The Shining One
Beogh
Jiyva
Lugonu

Annotations:
D exclusions: 6 doors and 6 more exclusions


Innate Abilities, Weirdness & Mutations

Your flesh is cold resistant. (rC+)


Message History

Unknown command.
You hit the river rat.
The river rat is lightly wounded.
The river rat misses you. The river rat barely misses you.
You riposte.
You hit the river rat.
The river rat is lightly wounded.
You spin and attack the river rat.
You barely miss the river rat.
The river rat is lightly wounded.
The river rat closely misses you.
You attack the river rat from above.
You hit the river rat.
The river rat is heavily wounded.
You attack the porcupine from above.
You are struck by the porcupine's spines.
You hit the porcupine.
The porcupine is moderately wounded.
The porcupine misses you. The river rat bites you!
The porcupine closely misses you.
You spin and attack the porcupine.
You are struck by the porcupine's spines.
You die...

#+#####'#####......#..
#...#.# #.........
#..)#.# ####+#####
#...'.# #.......#
##'#### #.......#
#.)...# #.......#
#.r.§.#+###...<...#
#.r......##.......#
#.r@§....##.......#
###########.......#
#########


You could see a porcupine and 2 river rats.

Vanquished Creatures
  A river rat (D)
  An ooze (D)
  An adder skeleton (D)
  A ball python (D)
  A hobgoblin (D)
  A kobold (D)
6 creatures vanquished.

Notes
Turn   | Place    | Note
-------+----------+-------------------------------------------
     0 | D        | Kidiri the Demonspawn Monk began the quest for the Orb.
     0 | D        | Reached XP level 1. HP: 18/18 MP: 1/1
    29 | D        | Found a bloodstained altar of Trog.
    29 | D        | Found a deep blue altar of Sif Muna.
    29 | D        | Found a viscous altar of Jiyva.
    29 | D        | Found a hazy altar of Hepliaklqana.
    29 | D        | Found an opulent altar of Gozag.
    32 | D        | Found a glowing golden altar of the Shining One.
    32 | D        | Found a glowing silver altar of Zin.
    32 | D        | Found a basalt altar of Yredelemnul.
    32 | D        | Found a shimmering altar of Xom.
    32 | D        | Found an ornate altar of the Wu Jian Council.
    32 | D        | Found a sacrificial altar of Ru.
    32 | D        | Found a stormy altar of Qazlal.
    32 | D        | Found an iron altar of Okawaru.
    32 | D        | Found a sparkling altar of Nemelex Xobeh.
    32 | D        | Found a burning altar of Makhleb.
    32 | D        | Found a blossoming altar of Fedhas.
    32 | D        | Found a white marble altar of Elyvilon.
    32 | D        | Found a shadowy altar of Dithmenos.
    32 | D        | Found a snail-covered altar of Cheibriados.
    37 | D        | Gained mutation: Your flesh is cold resistant. (rC+) [demonic ancestry]
    37 | D        | Reached XP level 2. HP: 20/24 MP: 2/2
    42 | D        | Found a radiant altar of Vehumet.
    42 | D        | Found a corrupted altar of Lugonu.
    42 | D        | Found a roughly hewn altar of Beogh.
    43 | D        | Found a hide-covered altar of Uskayaw.
    43 | D        | Found an ancient bone altar of Kikubaaqudgha.
    43 | D        | Found a shattered altar of Ashenzari.
    49 | D        | Became a worshipper of the Wu Jian Council
    49 | D        | Reached * piety under Wu Jian
    49 | D        | Reached ** piety under Wu Jian
   100 | D        | Reached skill level 1 in Armour
   229 | D        | Reached *** piety under Wu Jian
   334 | D        | Noticed a porcupine
   340 | D        | Impaled on a porcupine's spines

Vault maps used:
D:        pitsprint

Skill      XL: |  1  2 |
---------------+-------+-----
Long Blades    | 3 |  3.5
Dodging        | 3 |  3.5
Stealth        | 2 3 |  3.0
Armour         | 1 |  1.2
Fighting       | |  3.9

Action                   || total
-------------------------++-------
Melee: Falchion          ||    27
  Use: Potion            ||     1
 Stab: Sleeping          ||     2
Armor: Robe              ||     2
Dodge: Dodged            ||    23
       Rpst.: Falchion   ||     8

Table legend:
 A = Spawn XP
 B = Non-spawn XP
 C = Spawn XP percentage of total XP
 D = Spawn monster count
 E = Non-spawn monster count
 F = Spawn count percentage of total count
 G = Total turns spent on level
                    A         B        C        D         E        F      G
               +---------+---------+-------+---------+---------+-------+---------
         Total |       0 |      29 |   0.0 |       0 |       6 |   0.0 |   340
               +---------+---------+-------+---------+---------+-------+---------
             D |       0 |      29 |   0.0 |       0 |       6 |   0.0 |   340
               +---------+---------+-------+---------+---------+-------+---------
